[Event "Late-Titled-Tuesday-Blitz-June-04-2024"]
[Site "Chess.com"]
[Date "2024.06.04"]
[Round "11"]
[White "ZverevLev"]
[Black "MatthewG-p4p"]
[Result "1-0"]
[WhiteElo "2686"]
[BlackElo "2867"]
[TimeControl "180+1"]
[EndTime "16:07:33 PDT"]
[Termination "ZverevLev won by resignation"]

1. e4 e6 2. d4 d5 3. Nc3 Bb4 4. e5 Ne7 5. a3 Bxc3+ 6. bxc3 c5 7. Qg4 cxd4 8. Qxg7 Rg8 9. Qxh7 Qc7 10. Qd3 Qxe5+ 11.
Ne2 dxc3 12. Qxc3 Qxc3+ 13. Nxc3 Nbc6 14. Bb2 e5 15. O-O-O Be6 16. h4 O-O-O 17. g3 d4 18. Ne4 Bd5 19. Bh3+ Kb8 20. Nf6 Bxh1 21. Nxg8 Bf3 22.
Nxe7 Nxe7 23. Re1 f6 24. Bf1 Kc7 25. Be2 Bxe2 26. Rxe2 Kd6 27. Kd2 Rg8 28. Re1 Kd5 29. h5 Nf5 30. Kd3 Nd6 31. h6 e4+ 32. Ke2 Rh8 33.
Rd1 Rxh6 34. Bxd4 Ke6 35. Bc5 Nb5 36. Ke3 b6 37. Bb4 a5 38. Bf8 Rh8 39. Rb1 Nc3 40. Rxb6+ Kf5 41. Bg7 Nd5+ 42. Kd4 Rd8 43. Rb7 Nf4+ 44.
Ke3 Ne6 45. Bh6 Rc8 46. Rb5+ Kg6 47. Bf4 f5 48. Rxa5 Rxc2 49. Ra6 Kf7 50. a4 Ra2 51. Ra7+ Kf6 52. Ra6 Ke7 53. Be5 Kd7 54. Rd6+ Ke7 55.
Ra6 Kf7 56. Ra7+ Ke8 57. a5 Ra3+ 58. Ke2 Ra4 59. Ke3 Ra2 60. g4 Ra3+ 61. Kd2 fxg4 62. a6 Nc5 63. Ra8+ Kd7 64. a7 Ra2+ 65. Ke3 Nb7 66. Bd4 Kc6 67. Rc8+ Kd7 68. a8=Q Rxa8 69. Rxa8 Nd6 70. Ra7+ Ke6 71. Ra6 Kd5 72. Rxd6+ Kxd6 73. Kxe4 g3 74. Be5+ Ke6 75. Bxg3 Kf6 76. f4 Kg7 77. f5 Kf7 78. Ke5 Kg7 79. f6+ Kf7 80. Kf5 Kf8 81. Ke6 Kg8 82. f7+ Kg7 83. Be5+ Kf8 84. Bd6+ Kg7 85. f8=Q+ Kh7 86. Qf7+ 1-0

[Event "Late-Titled-Tuesday-Blitz-June-04-2024"]
[Site "Chess.com"]
[Date "2024.06.04"]
[Round "11"]
[White "Bkmzzzzz"]
[Black "MuhittinBuker"]
[Result "1-0"]
[WhiteElo "2427"]
[BlackElo "2260"]
[TimeControl "180+1"]
[EndTime "16:07:47 PDT"]
[Termination "Bkmzzzzz won on time"]

1. e4 e5 2. Nf3 Nc6 3. Nc3 Nf6 4. d4 exd4 5. Nxd4 Bb4 6. Nxc6 bxc6 7. Bd3 d5 8. exd5 cxd5 9. O-O O-O 10. Bg5 Be7 11.
Bxf6 Bxf6 12. Nxd5 Bxb2 13. Rb1 Be5 14. Bxh7+ Kxh7 15. Qh5+ Kg8 16. Qxe5 Be6 17. Nxc7 Bxa2 18. Ra1 Rc8 19.
Rxa2 Rxc7 20. Rfa1 Re8 21. Qf5 Qd4 22. g3 g6 23. Qf3 Ree7 24. Ra4 Qc5 25. R1a2 Kg7 26. Kg2 Re1 27. Rh4 Qb5 28. Qd3 Qb1 29. Ra6 Rg1+ 30. Kh3 Qf1+ 31. Qxf1 Rxf1 32. Kg2 Rc1 33. Rha4 R1xc2 34. Rxa7 Rxa7 35. Rxa7 Rb2 36. h4 Rc2 37. Ra4 Rb2 38.
Rf4 Rc2 39. Kh3 Rb2 40. Kg4 Rb5 41. f3 Rb3 42. Ra4 Rb5 43. f4 Rb3 44. Ra7 Kf6 45.
Ra6+ Kg7 46. Rc6 Kh6 47. Rc8 Kg7 48. Rd8 Kf6 49. Kh3 Kg7 50. Rd6 Ra3 51. Kg4 Rb3 52. Ra6 Rc3 53. Ra4 Rd3 54. Re4 Ra3 55. Re1 Rb3 56. Rg1 Rc3 57. h5 Kh6 58. hxg6 Kxg6 59.
Ra1 f5+ 60. Kh4 Rc6 61. Ra8 Rd6 62. Re8 Rc6 63. Rg8+ Kf7 64. Rg5 Kf6 65. Kh5 Rc8 66. Rg6+ Kf7 67. Kg5 Rc5 68. Rf6+ Kg7 69. Rxf5 Rc3 70.
g4 Rc6 71. Ra5 Rg6+ 72. Kf5 Rf6+ 73. Ke5 Rf7 74. g5 Kg6 75. Ra6+ Kg7 76. f5 Re7+ 77.
Kf4 Rb7 78. g6 Kh6 79. Ra8 Rb4+ 80. Ke5 Rb5+ 81. Kf6 Rb6+ 82. Kf7 Rb7+ 83. Kg8 Rc7 84. Rf8 Rb7 85. Rf7 Rb8+ 86. Rf8 Rb7 87. Kh8 Ra7 88. Rg8 Rb7 89. f6 Rc7 90. f7 1-0

[Event "Late-Titled-Tuesday-Blitz-June-04-2024"]
[Site "Chess.com"]
[Date "2024.06.04"]
[Round "11"]
[White "Sl4werThanYou"]
[Black "ChessLebaneseSalah"]
[Result "1/2-1/2"]
[WhiteElo "2720"]
[BlackElo "2584"]
[TimeControl "180+1"]
[EndTime "16:08:05 PDT"]
[Termination "Game drawn by repetition"]

1. e4 e5 2. Nf3 Nc6 3. Bb5 a6 4. Ba4 Nf6 5. O-O Nxe4 6. d4 b5 7. Bb3 d5 8. dxe5 Be6 9. Qe2 Bc5 10. Be3 O-O 11. Rd1 Bxe3 12. Qxe3 Ne7 13. a4 c6 14. Nbd2 Nxd2 15. Rxd2 Qc7 16. Qc5 Rfd8 17. h3 Ng6 18. Re1 Rab8 19. axb5 axb5 20. Nd4 Nxe5 21. Rde2 Nc4 22.
Qxc6 Rdc8 23. Qxc7 Rxc7 24. c3 b4 25. Bxc4 Rxc4 26.
Re3 bxc3 27. bxc3 Rbc8 28. Ne2 g6 29. f3 Kg7 30. Kf2 h5 31. Ra1 R8c7 32. Ra8 Rc8 33. Ra7 R8c7 34. Rxc7 Rxc7 35. Nd4 Kf6 36. g4 hxg4 37.
fxg4 Rc4 38. Kg3 g5 39. Kf3 Ke7 40. Ke2 Kf6 41. Kd2 Ra4 42. Rf3+ Ke5 43. Kd3 Ra1 44.
Re3+ Kf6 45. Rf3+ Ke7 46. Kc2 Ra2+ 47. Kb3 Rh2 48. Kb4 Kd6 49. Nb5+ Ke5 50. Kc5 f5 51.
Re3+ Kf6 52. Nd4 Bd7 53. gxf5 Bxf5 54. Rf3 Rxh3 55. Rxf5+ Kg6 56. Kb4 g4 57. Rf1 g3 58.
Kc5 g2 59. Rg1 Rxc3+ 60. Kxd5 Rg3 61. Ke4 Rg4+ 62. Ke3 Rg3+ 63. Kf2 Rg4 64. Ne2 Kf7 65. Kf3 Rg6 66. Nf4 Rg7 67. Nh5 Rg6 68. Nf4 Rg7 69. Ne2 Rg6 70. Kf2 Rf6+ 71. Kxg2 Rg6+ 72. Ng3 Re6 73.
Rc1 Rg6 74. Kf3 Rf6+ 75. Ke4 Rb6 76. Nf5 Kf6 77. Nd4 Rb4 78. Rc6+ Ke7 79. Ke5 Ra4 80.
Rc7+ Kd8 81. Ne6+ Ke8 82. Nc5 Ra1 83. Rh7 Re1+ 84. Kd6 Kf8 85. Ne6+ Kg8 86. Rg7+ Kh8 87. Rg3 Re2 88. Rf3 Kg8 89. Ke7 Rb2 90. Rg3+ Kh8 91.
Ng5 Rb7+ 92. Kf6 Rb6+ 93. Ne6 Rb7 94. Rh3+ Rh7 95. Rf3 Rb7 96. Rg3 Rb8 97. Ng5 Rb6+ 98. Kf5 Rb5+ 99. Kf6 Rb6+ 1/2-1/2

[Event "Late-Titled-Tuesday-Blitz-June-04-2024"]
[Site "Chess.com"]
[Date "2024.06.04"]
[Round "11"]
[White "andrejljepic"]
[Black "ansko1999"]
[Result "1/2-1/2"]
[WhiteElo "2442"]
[BlackElo "2621"]
[TimeControl "180+1"]
[EndTime "16:08:17 PDT"]
[Termination "Game drawn - insufficient material"]

1. d4 d5 2. Bf4 c5 3. e3 Nc6 4.
Nf3 cxd4 5. exd4 Qb6 6. Nc3 Nf6 7. Nb5 e5 8. Nxe5 a6 9. Nxc6 axb5 10. Ne5 Bd6 11.
Bd3 O-O 12. O-O b4 13. c3 bxc3 14. bxc3 Be6 15. Qb3 Qc7 16. a4 Nh5 17. Bd2 Bxe5 18. dxe5 Qxe5 19. Rfe1 Qc7 20. Qb4 Nf6 21. Qd4 Ne4 22.
Bxe4 dxe4 23. Qxe4 Rfd8 24. Bf4 Qxc3 25. Be5 Qd3 26.
Qxb7 Bd5 27. Qe7 Qg6 28. Bg3 h5 29. a5 Re8 30. Qxe8+ Rxe8 31. Rxe8+ Kh7 32. h4 Qc6 33. a6 Qxe8 34. a7 Ba8 35. f3 Qe3+ 36. Bf2 Qc3 37. Rb1 Qc6 38. Rb6 Qc1+ 39. Kh2 Qc7+ 40. Kg1 f6 41.
Rb8 Qc1+ 42. Kh2 Qc7+ 43. Kg1 Qc6 44. Kh2 Kg6 45. Kg1 Qc1+ 46. Kh2 Qc7+ 47. Kg1 Qc6 48.
Kh2 Kf5 49. Kg1 Qc1+ 50. Kh2 Qc7+ 51. Kg1 Qc6 52. Kh2 g5 53. hxg5 fxg5 54. Rf8+ Kg6 55.
Rb8 Qc7+ 56. Kg1 Qc1+ 57. Kh2 Qc6 58. Rb6 Kf5 59. Rxc6 Bxc6 60. Kg3 Ba8 61. Be3 Bb7 62. Kf2 g4 63. Kg3 gxf3 64. gxf3 Ba8 65. f4 Bb7 66. Kh4 Kg6 67. Bd4 Ba8 68. Be5 Bb7 69. Kg3 Kf5 70. Kf2 h4 71. Kg1 Kg4 72. Kh2 Ba8 73.
Bd6 Bb7 74. Bc7 Ba8 75. Bd6 Bb7 76. Bc7 h3 77. Bd6 Bc6 78. Kg1 Ba8 79. Bc7 Bb7 80. Bb8 Bc6 81. Kh2 Ba8 82. Bc7 Bb7 83. Bb8 Be4 84. Be5 Ba8 85. Bb8 Bb7 86. Kg1 Ba8 87. Kh2 Bc6 88. f5 Kxf5 89. Kxh3 Ba8 90. Kg3 Ke6 91.
Kf2 Kd7 92. Ke3 Kc8 93. Kd4 Kb7 94. Kc5 Ka6 95. Kd6 Kb7 96. Kd7 Ka6 97. Kc7 Bh1 98. Kc8 Bb7+ 99. Kc7 Ba8 100. Kd6 Kb7 101. Kc5 Kc8 102. Kb6 Bh1 103. Be5 Ba8 104. Bd4 Bh1 105. Kc5 Ba8 106. Kd6 Bh1 107. Bb6 Ba8 108. Bc5 Kb7 109. Kd7 Ka6 110. Kc7 Bh1 111. Kb8 Bg2 112. Bf2 Kb5 113. a8=Q Bxa8 1/2-1/2

[Event "Late-Titled-Tuesday-Blitz-June-04-2024"]
[Site "Chess.com"]
[Date "2024.06.04"]
[Round "11"]
[White "EsmeraldasAnderson03"]
[Black "mbojan"]
[Result "0-1"]
[WhiteElo "2485"]
[BlackElo "2828"]
[TimeControl "180+1"]
[EndTime "16:09:14 PDT"]
[Termination "mbojan won by checkmate"]

1. d4 Nf6 2. c4 c5 3. d5 b5 4. cxb5 a6 5. bxa6 g6 6. Nc3 Bg7 7. g3 d6 8. Bg2 Bxa6 9. Nf3 Nfd7 10. O-O Nb6 11. Rb1 N8d7 12. Qc2 O-O 13. b3 Bxc3 14.
Qxc3 Bxe2 15. Re1 Bxf3 16. Bxf3 Rxa2 17. Bh6 Nf6 18. Bxf8 Kxf8 19. Ra1 Rxa1 20. Rxa1 Nbd7 21. b4 cxb4 22. Qxb4 Qc7 23. Ra8+ Kg7 24. Ra1 Ne5 25.
Bg2 Qc2 26. Qd4 h5 27. h3 Qb3 28. Re1 Kg8 29. Qe3 Qxe3 30. Rxe3 Kf8 31. f4 Ned7 32. Ra3 Nb6 33. Ra5 Nc4 34. Ra4 Ne3 35. Rd4 Nf5 36. Rd3 Kg7 37. Kf2 Nd7 38. g4 hxg4 39. hxg4 Nh6 40. Bf3 Nc5 41. Re3 Ng8 42. Ra3 Nf6 43. Ke3 Nh7 44. Ra7 Kf8 45. Ra8+ Kg7 46. Ra7 Kf8 47.
g5 f6 48. gxf6 Nxf6 49. Ra3 Kf7 50. Ra7 Kf8 51. Ra3 Ng8 52. Ra8+ Kf7 53. Ra7 Nh6 54.
Be4 Ng4+ 55. Kf3 Nf6 56. Bb1 Nb3 57. Ba2 Nd4+ 58. Ke3 Nb5 59. Ra5 Nc3 60. Kd4 Ne2+ 61.
Ke3 Ng3 62. Kf3 Nf5 63. Bb1 Nd4+ 64. Ke3 Nb3 65. Rb5 Nc5 66. Ba2 Nh5 67. Rb1 Kf6 68.
Rg1 Nd7 69. Bb1 Nf8 70. Rg5 Ng7 71. Rg1 Kf7 72. Kd4 Ne8 73. Rg2 Nf6 74. Rg5 Kg7 75. f5 Kh6 76. fxg6 Kg7 77. Rg1 N8d7 78. Bd3 Ne5 79. Be4 Ned7 80. Rf1 Ne5 81. Rh1 Neg4 82. Rg1 Ne5 83. Rg2 Ned7 84. Ke3 Ne5 85. Kd4 Ned7 86. Ra2 Nxe4 87. Kxe4 Kxg6 88. Ra7 Nc5+ 89. Kd4 Kf6 90. Ra1 Nb3+ 91. Ke4 Nxa1 92. Kd4 Nb3+ 93. Kc4 Ke5 94. Kxb3 Kxd5 95. Kc3 e5 96. Kd3 Ke6 97. Ke3 d5 98.
Kd3 d4 99. Ke4 Kd6 100. Kd3 Kd5 101. Ke2 e4 102. Kd2 Kc4 103. Ke2 d3+ 104. Kd2 Kd4 105. Kd1 e3 106. Ke1 Kc3 107. Kd1 d2 108. Ke2 Kc2 109. Kf3 Kd3 110. Kg3 e2 111. Kh2 e1=Q 112. Kg2 d1=Q 113. Kh2 Qde2+ 114. Kh3 Qg1 115. Kh4 Qef1 116. Kh5 Qg3 117. Kh6 Qg4 118. Kh7 Qg5 119. Kh8 Ke4 120. Kh7 Ke3 121. Kh8 Kd4 122. Kh7 Kc5 123. Kh8 Kc6 124. Kh7 Kd6 125. Kh8 Kd5 126. Kh7 Ke5 127. Kh8 Ke6 128. Kh7 Ke7 129. Kh8 Kd7 130. Kh7 Kd8 131. Kh8 Ke8 132. Kh7 Kf8 133. Kh8 Kf7 134. Kh7 Kf6 135. Kh8 Qe1 136. Kh7 Qf2 137. Kh8 Qfg3 138. Kh7 Kf5 139. Kh8 Ke4 140. Kh7 Ke3 141. Kh8 Ke2 142. Kh7 Kd1 143. Kh8 Kc1 144. Kh7 Kb1 145.
Kh8 Ka1 146. Kh7 Ka2 147. Kh8 Kb2 148. Kh7 Ka3 149. Kh8 Ka4 150. Kh7 Ka5 151. Kh8 Ka6 152. Kh7 Ka7 153. Kh8 Ka8 154. Kh7 Kb8 155. Kh8 Kc8 156. Kh7 Kd8 157. Kh8 Ke8 158. Kh7 Kf8 159. Kh8 Kf7 160. Kh7 Q3h4# 0-1